 Dungeon Crawl Stone Soup version 0.17-a0-1373-g64d4c99 (webtiles) character file.

529 Kidiri the Magician (level 7, -3/38 HPs)
             Began as a Deep Elf Fire Elementalist on June 13, 2015.
             Slain by a giant frog (7 damage)
             ... in a sewer.
             The game lasted 00:23:34 (4325 turns).

Kidiri the Magician (Deep Elf Fire Elementalist)    Turns: 4325, Time: 00:23:34

Health: -3/38      AC:  5    Str:  5    XL:     7   Next: 3%
Magic:  0/18       EV: 13    Int: 22    God:
Gold:   190        SH:  0    Dex: 15    Spells: 5 memorised, 5 levels left

rFire  . . .     SeeInvis .     i - +2 short sword
rCold  . . .     Clarity  .     k - +1 leather armour
rNeg   . . .     SustAt   .     (no shield)
rPois  .         Gourm    .     (no helmet)
rElec  .         Spirit   .     (no cloak)
rCorr  .         Warding  .     m - +0 pair of gloves
rMut   .         Stasis   .     (no boots)
MR     .....                    (no amulet)
Stlth  +.........               (no ring)
                                (no ring)

@: not resistant to hostile enchantments, very unstealthy
A: no striking features
a: no special abilities


You were in a sewer.
You were not hungry.

You visited 1 branch of the dungeon, and saw 3 of its levels.
You also visited: Sewer.

You collected 190 gold pieces.

Inventory:

Hand weapons
 i - a +2 short sword (weapon)
Armour
 k - a +1 leather armour (worn)
 m - a +0 pair of gloves (worn)
Jewellery
 o - an uncursed amulet of resist mutation {unknown}
Magical devices
 s - a wand of magic darts (21)
Scrolls
 j - 2 scrolls of immolation
 l - a scroll of remove curse
Potions
 d - 2 potions of flight {unknown}
 e - 2 potions of curing
 f - a potion of degeneration {unknown}
 h - 3 potions of heal wounds {unknown}
 n - a potion of haste {unknown}
 r - a potion of lignification {unknown}
Books
 b - a book of Flames

   Spells                             Type                      Level
   a - Flame Tongue                   Conjuration/Fire             1
   b - Throw Flame                    Conjuration/Fire             2
   c - Conjure Flame                  Conjuration/Fire             3
   d - Inner Flame                    Hexes/Fire                   3
   e - Sticky Flame                   Conjuration/Fire             4
   f - Fireball                       Conjuration/Fire             5
Comestibles
 a - 2 meat rations
 c - 2 bread rations
 g - a chunk of flesh


   Skills:
 + Level 1.5 Fighting
 + Level 1.9 Armour
 + Level 3.7 Dodging
 + Level 3.3 Stealth
 * Level 6.0 Spellcasting
 + Level 3.1 Conjurations
 + Level 2.1 Hexes
 + Level 4.1 Fire Magic


You had 5 spell levels left.
You knew the following spells:

 Your Spells              Type           Power        Failure   Level  Hunger
a - Flame Tongue          Conj/Fire      ###..        3%          1    None
b - Throw Flame           Conj/Fire      ###...       6%          2    None
c - Conjure Flame         Conj/Fire      ###.....     12%         3    #......
d - Inner Flame           Hex/Fire       ###.....     14%         3    #......
e - Sticky Flame          Conj/Fire      ###.....     34%         4    ###....


Dungeon Overview and Level Annotations

Branches:
Dungeon (3/15)

Altars:


Message History

* * * LOW HITPOINT WARNING * * *
Unknown command.
Drink which item? (? for menu, Esc to quit)
You feel better. The giant frog misses you.
Casting: Flame Tongue
Confirm with . or Enter, or press ? or * to list all spells.
Aiming: Flame Tongue
Press: ? - help, Shift-Dir - straight line, f - giant frog
Aim: a giant frog (lightly wounded)
The flame tongue hits the giant frog.
The giant frog is moderately wounded.
The giant frog closely misses you. The giant frog hits you!
* * * LOW HITPOINT WARNING * * *
Read which item? (? for menu, Esc to quit)
Okay, then.
The giant frog barely misses you.
You enter the shallow water.
Moving in this stuff is going to be slow.
The giant frog hits you!
You die...

#≈.≈≈≈#######.≈≈##≈.#
#######≈###.≈≈.≈##≈≈≈#≈≈#
#≈≈≈.≈###≈†≈≈≈≈≈≈##≈≈#≈≈≈
#.≈≈≈≈#.†≈≈%≈≈.≈≈≈#≈≈##.≈
#≈≈≈≈≈#..##..≈...≈##≈.#.≈
#÷≈#≈≈#≈.#≈≈≈?.!..≈#÷≈#≈≈
#.≈#≈.#.≈#≈≈≈.$?.≈≈#≈≈#.≈
#≈≈#≈##.F#≈≈≈≈.$≈.≈#≈≈#≈≈
#≈≈#≈#≈≈@#≈≈≈≈≈.≈≈≈#≈.#≈.
#≈.#≈#∩≈≈#≈.≈≈≈≈≈≈≈#.≈#≈≈
#≈≈#.#≈≈≈##≈.≈≈.≈≈##≈.#≈≈
#≈≈#≈###≈≈# #≈≈##≈≈
#.≈#≈.≈#..## ##≈≈#.≈≈
##.##.≈#≈.≈## ##≈≈.#≈≈#
#..#≈.##≈≈.#####÷≈≈##≈≈#
#∩.#.≈.#≈≈≈≈≈≈≈≈≈≈≈#≈≈.#
#..##≈.##..≈.≈≈≈≈≈##≈≈##


You could see a giant frog.

Vanquished Creatures
  The ghost of hoolish the Poker, an average DsGl of Gozag (Sewer)
  A giant frog (Sewer)
  Jessica (D:3)
  A gnoll (D:1)
  7 adders
  17 oozes
  A worm (D:2)
  6 giant geckos (Sewer)
  17 giant cockroaches
  3 hobgoblins
  2 jackals (D:1)
  8 ball pythons (Sewer)
  6 bats
  13 giant newts
  3 goblins (D:1)
  4 kobolds
  4 rats
95 creatures vanquished.

Notes
Turn   | Place    | Note
--------------------------------------------------------------
     0 | D:1      | Kidiri the Deep Elf Fire Elementalist began the quest for the Orb.
     0 | D:1      | Reached XP level 1. HP: 10/10 MP: 6/6
   129 | D:1      | Reached XP level 2. HP: 4/16 MP: 0/8
   171 | D:1      | Learned a level 2 spell: Throw Flame
   922 | D:1      | Reached XP level 3. HP: 20/20 MP: 8/10
   927 | D:1      | Learned a level 3 spell: Conjure Flame
   931 | D:1      | Learned a level 3 spell: Inner Flame
  1517 | D:2      | Found a faded altar to an unknown god.
  1994 | D:2      | Reached skill level 4 in Spellcasting
  2071 | D:2      | Reached skill level 1 in Armour
  2561 | D:3      | Noticed Jessica
  2568 | D:3      | Killed Jessica
  2568 | D:3      | Reached XP level 4. HP: 24/24 MP: 7/12
  2575 | D:3      | Found a glowing drain.
  2609 | Sewer    | Entered a sewer
  3255 | Sewer    | Reached XP level 5. HP: 28/28 MP: 5/14
  3261 | Sewer    | Learned a level 4 spell: Sticky Flame
  3565 | Sewer    | Reached skill level 1 in Fighting
  3688 | Sewer    | Reached skill level 5 in Spellcasting
  3826 | Sewer    | Noticed hoolish's ghost (average DsGl)
  3890 | Sewer    | Killed hoolish's ghost
  3890 | Sewer    | Reached skill level 1 in Hexes
  3890 | Sewer    | Reached XP level 6. HP: 28/34 MP: 3/16
  4305 | Sewer    | Noticed a giant frog
  4307 | Sewer    | Noticed a giant frog
  4317 | Sewer    | Killed a giant frog
  4317 | Sewer    | Reached skill level 6 in Spellcasting
  4317 | Sewer    | Reached XP level 7. HP: 12/38 MP: 0/18
  4325 | Sewer    | Slain by a giant frog

Vault maps used:
D:1:      ncdulo_lavacross
D:2:      ecumenical_altar_2
D:3:      serial_forest, infiniplex_forest_end_2, infiniplex_forest_straight_2,
          infiniplex_forest_straight_2, infiniplex_forest_end_2,
          infiniplex_forest_lined_room_, infiniplex_forest_clump_tiny,
          infiniplex_forest_join, gup_sewer_entry_glass, uniq_jessica,
          uniq_robin
Sewer:    sewer_frog_island_02

Action                   |  1- 3 |  4- 6 |  7- 9 || total
-------------------------+-------+-------+-------++-------
Melee: Dagger            |    17 |       |       ||    17
       Short sword       |    11 |    31 |     2 ||    44
 Cast: Flame Tongue      |    39 |    37 |     2 ||    78
       Throw Flame       |    18 |    44 |       ||    62
       Conjure Flame     |     1 |     4 |       ||     5
  Use: Scroll            |    10 |     1 |       ||    11
       Potion            |       |       |     1 ||     1
 Stab: Sleeping          |     2 |       |       ||     2
  Eat: Chunk             |     5 |     4 |       ||     9
       Fruit             |       |     3 |       ||     3
